cohdb
Replays
Latest Replays
All Replays
Popular Replays
Top Player Replays
Match Explorer
How It Works
Community
CoH3 Stats
Reddit
Sign in to upload your games and track your stats! →
Sign in with Steam
2v2 vs Evelynn get destroyed, and in end start insulting racism.
Match 26448404
Overview
Messages
Build Orders
End
Construct Infanterie Kompanie
Kettenkrad Recon Vehicle
Construct Infanterie Kompanie
Grenadier Squad
Grenadier Squad
GrW 34 Mortar Team
MG 42 Machine Gun Team
Medical Station
Construct Panzergrenadier Kompanie
Panzergrenadier Squad
Pak 40 Anti-tank Gun Team
Support Elements
StuG III G Assault Gun
Selects Breakthrough Battlegroup
Selects Rapid Production
Selects Blitzkrieg
Panzergrenadier Squad
StuG III G Assault Gun
Nebelwerfer 42 Rocket Launcher Team
Panzergrenadier Squad
Selects Tiger Heavy Tank
Selects Assault Grenadiers
Selects Breakthrough
Tiger Heavy Tank
Panzergrenadier Squad
Selects Incendiary Bombing Run
AI Takeover
Evelynn
Ataf
noob talk too much
Flauschi
0
0
Comments
sign in to comment!
No comments posted yet!